Map: Ruins of Seras

Players

Soundwave - Winner!

  • Race: Zerg Zerg

A.I. 1 (Medium)

  • Race: Protoss Protoss

VOD

Have the link to the VOD?

Description

Time

  • Played on: Nov. 15, 2015, 3:38 a.m.
  • Length: 16:10
Show
View Real Time Build Order
Export as new Build Order

Soundwave Zerg - Winner!

Build Orders: Pool First 

Get SALT Encoding   

  12  0:03  Drone  
  13  0:19  Drone  
  14  0:22  Overlord  
  14  0:45  Drone  
  14  0:46  Drone x2  
  17  0:50  Extractor  
  16  0:58  Spawning Pool  
  16  1:00  Drone  
  16  1:17  Drone  
  17  1:28  Hatchery  
  16  1:35  Drone x2  
  18  1:47  Drone  
  18  1:52  Zergling x2  
  20  2:02  Zergling x2  
  20  2:05  Metabolic Boost  
  21  2:19  Drone  
  22  2:38  Overlord x2  
  22  3:09  Overlord  
  22  3:14  Extractor  
  22  3:18  Roach Warren  
  19  3:26  Drone x3  
  19  3:27  Drone  
  22  3:30  Drone x2  
  25  3:41  Drone x2  
  25  3:44  Queen  
  25  3:47  Queen  
  30  3:52  Drone x2  
  32  4:17  Drone, Spine Crawler  
  32  4:18  Drone x3, Spine Crawler  
  34  4:38  Drone x4  
  38  4:43  Lair  
  38  4:54  Extractor  
  38  4:58  Extractor  
  36  5:03  Evolution Chamber  
  35  5:07  Evolution Chamber  
  34  5:17  Drone x3  
  37  5:37  Baneling Nest, Zerg Melee Weapons Level 1  
  37  5:38  Zerg Ground Armor Level 1  
  36  5:52  Infestation Pit  
  35  6:00  Drone x8  
  35  6:01  Drone  
  35  6:02  Overlord  
  35  6:03  Overlord x3  
  44  6:06  Hatchery  
  43  6:25  Zergling x6  
  46  6:34  Zergling x2  
  46  6:35  Zergling x6  
  50  6:52  Hive  
  50  7:04  Drone x2, Hydralisk Den  
  50  7:05  Drone x5  
  56  7:10  Queen  
  58  7:31  Drone  
  58  7:32  Drone x6  
  58  7:33  Drone x3  
  58  7:35  Queen  
  70  7:38  Spine Crawler  
  70  7:42  Zerg Melee Weapons Level 2  
  69  7:45  Zergling x4  
  69  7:46  Queen  
  69  7:47  Zergling x2  
  74  8:13  Drone x2  
  74  8:14  Drone x2  
  74  8:15  Drone x2  
  80  8:20  Zergling x4  
  82  8:33  Hydralisk  
  81  8:43  Overlord x4  
  81  9:04  Hydralisk x5  
  81  9:05  Hydralisk x6  
  103  9:33  Hatchery  
  103  9:38  Extractor  
  101  9:39  Hydralisk x2, Extractor  
  101  9:40  Hydralisk x4  
  101  9:41  Hydralisk  
  114  9:46  Overlord x4  
  114  9:47  Overlord  
  114  9:49  Overseer  
  114  9:57  Zerg Ground Armor Level 2  
  114  10:12  Spine Crawler  
  113  10:14  Spine Crawler  
  113  10:15  Spine Crawler  
  131  10:36  Roach  
  131  10:37  Roach x2  
  135  10:45  Zerg Missile Weapons Level 1  
  153  11:37  Queen  
  155  12:10  Hydralisk x2  
  155  12:15  Overlord x6  
  159  12:16  Overlord  
  159  12:17  Overlord x4  
  159  12:18  Overlord x6  
  159  12:32  Burrow  
  159  12:54  Hydralisk  
  159  12:55  Hydralisk x6  
  159  12:56  Hydralisk x6  
  185  13:05  Zerg Melee Weapons Level 3  
  185  13:07  Adrenal Glands  
  185  13:14  Ultralisk Cavern  
  173  14:35  Zergling x4  
Show
View Real Time Build Order
Export as new Build Order

A.I. 1 (Medium) Protoss 

Build Orders: 1 Gate Expand 

Get SALT Encoding   

  12  0:01  Probe (Chrono Boost)  
  13  0:11  Probe (Chrono Boost)  
  14  0:21  Pylon  
  14  0:22  Probe (Chrono Boost)  
  15  0:39  Probe (Chrono Boost)  
  16  0:50  Probe (Chrono Boost)  
  16  0:52  Gateway  
  17  1:13  Nexus  
  17  1:14  Probe (Chrono Boost)  
  18  1:31  Pylon  
  18  1:33  Assimilator  
  18  1:36  Zealot  
  20  1:45  Cybernetics Core  
  20  1:46  Probe (Chrono Boost)  
  21  1:58  Probe (Chrono Boost)  
  22  2:09  Probe (Chrono Boost)  
  22  2:10  Gateway  
  23  2:18  Assimilator  
  23  2:21  Stalker  
  23  2:26  Pylon  
  23  2:28  Probe (Chrono Boost)  
  26  2:40  Probe (Chrono Boost)  
  26  2:42  Warp Gate  
  27  2:48  Adept  
  29  2:53  Probe (Chrono Boost)  
  30  3:03  Adept, Assimilator  
  32  3:22  Sentry  
  32  3:24  Assimilator  
  32  3:26  Probe (Chrono Boost)  
  35  3:33  Probe (Chrono Boost)  
  36  3:37  Probe (Chrono Boost)  
  36  3:39  Stalker  
  37  3:44  Probe (Chrono Boost)  
  37  3:48  Probe (Chrono Boost)  
  42  3:56  Probe (Chrono Boost)  
  42  3:59  Stalker  
  42  4:02  Pylon  
  45  4:04  Probe (Chrono Boost)  
  45  4:07  Probe (Chrono Boost)  
  46  4:15  Probe (Chrono Boost)  
  47  4:18  Sentry, Probe (Chrono Boost)  
  50  4:27  Probe (Chrono Boost)  
  50  4:30  Probe (Chrono Boost)  
  52  4:33  Pylon  
  53  4:39  Probe (Chrono Boost)  
  53  4:41  Probe (Chrono Boost)  
  54  4:45  Stalker  
  54  4:50  Probe (Chrono Boost)  
  58  4:52  Probe (Chrono Boost)  
  58  4:59  Pylon  
  58  5:01  Probe (Chrono Boost)  
  58  5:03  Probe (Chrono Boost)  
  58  5:04  Stalker  
  62  5:12  Probe (Chrono Boost)  
  64  5:14  Probe (Chrono Boost)  
  64  5:20  Pylon  
  64  5:22  Stalker  
  64  5:23  Probe (Chrono Boost)  
  64  5:25  Probe (Chrono Boost)  
  68  5:34  Probe (Chrono Boost)  
  69  5:39  Probe (Chrono Boost), Forge  
  69  5:40  Robotics Facility  
  69  5:41  Stalker  
  72  5:46  Probe (Chrono Boost)  
  72  5:48  Pylon  
  74  5:50  Probe (Chrono Boost)  
  75  5:57  Probe (Chrono Boost)  
  75  6:00  Zealot  
  75  6:01  Probe (Chrono Boost)  
  78  6:08  Probe (Chrono Boost)  
  79  6:13  Pylon  
  79  6:15  Pylon  
  79  6:16  Pylon, Photon Cannon  
  79  6:18  Sentry, Photon Cannon  
  79  6:22  Stargate  
  79  6:24  Twilight Council  
  81  6:25  Observer  
  81  6:30  Gateway  
  82  6:36  Forge  
  82  6:37  Sentry  
  82  6:38  Photon Cannon  
  84  6:44  Observer, Photon Cannon  
  85  6:55  Zealot  
  87  7:59  Stalker x2  
  87  9:15  Nexus  
  87  9:57  Protoss Ground Armor Level 1  
  87  9:58  Protoss Ground Weapons Level 1  
  87  9:59  Void Ray  
  87  10:01  Warp Prism  
  93  10:07  Gateway  
  93  10:13  Robotics Facility  
  93  10:19  Stargate  
  93  10:24  Dark Shrine  
  94  10:30  Probe (Chrono Boost)  
  94  10:31  Zealot  
  86  10:35  Observer  
  86  10:39  Assimilator  
  86  10:40  Zealot  
  86  10:41  Assimilator  
  66  10:50  Zealot  
  66  10:54  Warp Prism  
  70  10:59  Stalker  
  70  11:00  Observer  
  73  11:08  Adept  
  75  11:17  Stalker  
  77  11:27  Stalker  
  79  11:36  Sentry  
  81  11:40  Void Ray  
  85  12:46  Nexus  
  85  13:38  Void Ray  
  85  13:39  Protoss Ground Armor Level 2  
  85  13:41  Protoss Air Weapons Level 1, Protoss Ground Weapons Level 2  
  89  13:52  Phoenix  
  87  14:00  Observer  
  87  14:02  Observer  
  67  14:13  Assimilator  
  67  14:15  Pylon  
  67  14:16  Pylon  
  67  14:17  Void Ray, Assimilator  
  67  14:19  Stalker, Warp Prism  
  67  14:23  Warp Prism  
  71  14:26  Zealot  
  71  14:31  Probe (Chrono Boost)  
  70  14:34  Stalker, Probe (Chrono Boost)  
  70  14:37  Probe (Chrono Boost), Photon Cannon  
  62  14:39  Photon Cannon  
  62  14:41  Zealot  
  62  14:43  Probe (Chrono Boost)  
  55  14:46  Probe (Chrono Boost)  
  55  14:48  Stalker  
  55  14:49  Probe (Chrono Boost)  
  58  14:53  Observer  
  58  14:55  Probe (Chrono Boost), Zealot  
  58  14:58  Probe (Chrono Boost)  
  58  14:59  Observer  
  65  15:01  Probe (Chrono Boost)  
  65  15:03  Stalker  
  65  15:05  Probe (Chrono Boost)  
  60  15:07  Nexus  
  60  15:10  Stalker, Probe (Chrono Boost)  
  60  15:12  Probe (Chrono Boost), Warp Prism  
  48  15:16  Probe (Chrono Boost)  
  48  15:17  Zealot  
  48  15:18  Warp Prism  
  42  15:22  Probe (Chrono Boost)  
  42  15:24  Zealot  
  42  15:28  Probe (Chrono Boost)  
  40  15:30  Assimilator  
  40  15:31  Stalker  
  40  15:34  Probe (Chrono Boost)  
  38  15:38  Zealot  
  38  15:40  Probe (Chrono Boost), Assimilator  
  38  15:45  Probe (Chrono Boost)  
  38  15:46  Stalker  
  38  15:47  Observer  
  36  15:52  Probe (Chrono Boost)  
  36  15:53  Zealot  
  35  15:57  Probe (Chrono Boost)  
  35  16:00  Stalker  
  35  16:02  Photon Cannon  
Tags
 
Add a new tag
Caveats
  • Supply blocks, unpowered buildings, or Contaminate may cause inaccurate times.
  • Supply counts are checked every 10 seconds.